 Dungeon Crawl Stone Soup version 0.29-a0-517-gbdf32494f2 (webtiles) character file.

Game seed: 14875409375378769681

96 Sabo the Chopper (level 4, 0/45 HPs)
             Began as an Ogre Gladiator on May 30, 2022.
             Was a Follower of Fedhas.
             Blown up by Ijyb (20 damage)
             ... with a mindburst bolt
             ... on level 3 of the Dungeon.
             The game lasted 00:10:38 (2586 turns).

Sabo the Chopper (Ogre Gladiator)                   Turns: 2586, Time: 00:10:39

Health: 0/45       AC:  3    Str: 24    XL:     4   Next: 67%
Magic:  4/4        EV: 10    Int:  9    God:    Fedhas [*.....]
Gold:   78         SH:  0    Dex: 12    Spells: 3/3 levels left

rFire   . . .      SeeInvis .   a - +0 war axe
rCold   . . .      Faith    .   (no shield)
rNeg    . . .      Spirit   .   j - +0 robe
rPois   .          Reflect  .   c - +0 hat
rElec   .          Harm     .   (no cloak)
rCorr   .          Rampage  .   (gloves unavailable)
Will    .....                   (boots unavailable)
Stlth   +.........              g - amulet of the acrobat
HPRegen 0.15/turn               b - +6 ring of strength
MPRegen 0.09/turn               (no ring)

@: no status effects
A: large, unfitting armour, tough skin 1
a: Renounce Religion


You were on level 3 of the Dungeon.
You worshipped Fedhas.
Fedhas was aware of your devotion.
You visited 1 branch of the dungeon, and saw 3 of its levels.

You collected 78 gold pieces.

Inventory:

Hand Weapons
 a - a +0 war axe (weapon)
 m - a +0 hunting sling
Missiles
 d - 2 throwing nets (quivered)
 e - a large rock
Armour
 c - a +0 hat (worn)
 j - a +0 robe (worn)
Jewellery
 b - a +6 ring of strength (left hand)
 g - an amulet of the acrobat (around neck)
Wands
 h - a wand of digging (7)
 n - a wand of polymorph (7)
Scrolls
 f - 2 scrolls of fear
Potions
 i - 2 potions of curing
 k - a potion of mutation
 l - a potion of flight {unknown}


   Skills:
 + Level 3.4 Fighting
 + Level 4.1 Axes
 + Level 2.0 Throwing
 + Level 3.5 Dodging
 + Level 0.3 Stealth


You had 3 spell levels left.
You didn't know any spells.
Your spell library contained the following spells:

 Spells                   Type           Power      Damage    Failure   Level
 Shock                    Conj/Air       0%         1d3       38%         1
 Gell's Gravitas          Tloc           0%         N/A       77%         3
 Lesser Beckoning         Tloc           0%         N/A       77%         3
 Swiftness                Air            0%         N/A       77%         3
 Teleport Other           Tloc           0%         N/A       77%         3
 Airstrike                Air            0%         N/A       99%         4


Dungeon Overview and Level Annotations

Branches:
Dungeon (3/15)

Altars:
Fedhas

Annotations:
D:3 Ijyb


Innate Abilities, Weirdness & Mutations

You are too large for most types of armour.
You have tough skin. (AC +1)


Message History

The bat completely misses you.
You miss the bat. The bat hits you but does no damage. The bat misses you.
You barely miss the bat. The bat hits you. The bat closely misses you.
Found 24 stones.
Found a ring mail.
Found a scale mail.
Found 14 stones.
You see here a +0 ring mail.
You see here a +0 ring mail.
Found a stone staircase leading down.
You see here a +0 scale mail.
Found 10 gold pieces.
You now have 78 gold pieces (gained 10).
Ijyb the Twisted Goblin comes into view.
She is wielding a +1 dagger of holy wrath and carrying a wand of mindburst (15).
Ijyb shouts!
An adder comes into view.
Throw: 3 throwing nets
Press: ? - help, Q - select action, (/) - cycle Shift-Dir - straight line, f - Ijyb
Aim: Ijyb, wielding a +1 dagger of holy wrath, wearing a +0 chain mail and carrying a wand of mindburst (15) (59% to hit)
You throw a throwing net. The throwing net hits Ijyb.
Ijyb is caught in the net!
Ijyb zaps a wand.
Your mind is blasted!
Ijyb struggles against the net.
You hit Ijyb.
Ijyb is moderately wounded.
You hit Ijyb.
Ijyb is moderately wounded.
Ijyb zaps a wand.
Your mind is blasted!
Ijyb struggles against the net.
You hit Ijyb.
Ijyb is heavily wounded.
Ijyb struggles against the net.
You barely miss Ijyb.
Ijyb is heavily wounded.
Ijyb struggles against the net.
You slash Ijyb!
Ijyb is almost dead.
Ijyb zaps a wand.
Your mind is blasted!
You die...
Fedhas appreciates your contribution to the ecosystem.

######## #......# #### #.####.#
#############... #######.# #.#
#.............#.
........####.####.#############.
#...#.............# ...
.........###.###### ###.
.............##### ##
.........##..Sg@.#
....#...###..###.# ....##.##
#..# #.# ... #. #..# #.# .. ..
#..# #.# ##. #.g# #.# #. #S.#
#.# .... #.#


You could see Ijyb (caught) and an adder.

Vanquished Creatures
  6 adders (D:2)
  4 ball pythons
  7 endoplasms
  2 giant cockroaches
  6 goblins
  2 hobgoblins
  2 kobolds
  A quokka (D:2)
  5 bats
  2 frilled lizards (D:2)
  6 rats (D:1)
43 creatures vanquished.

Notes
Turn   | Place    | Note
-------+----------+-------------------------------------------
     0 | D:1      | Sabo the Ogre Gladiator began the quest for the Orb.
     0 | D:1      | Reached XP level 1. HP: 22/22 MP: 1/1
   271 | D:1      | Reached XP level 2. HP: 29/29 MP: 2/2
   894 | D:2      | Reached XP level 3. HP: 36/36 MP: 3/3
  1486 | D:2      | Found a faded altar of an unknown god.
  1493 | D:2      | Prayed at the altar of an unknown god.
  1493 | D:2      | Became a worshipper of Fedhas Madash
  1493 | D:2      | Reached * piety under Fedhas
  1509 | D:2      | Reached XP level 4. HP: 45/45 MP: 4/4
  1580 | D:2      | Reached skill level 4 in Axes
  2573 | D:3      | Noticed Ijyb
  2586 | D:3      | Blown up by Ijyb

Illustrated notes

Levels and vault maps discovered:
D:1:      dpeg_arrival_rooms_a, layout_rooms, chequers_mini_garden,
          minmay_misc_feat_encased
D:2:      layout_loops_ring, dilly_ecumenical_altar_fadedgnrine
D:3:      layout_loops_ring, uniq_ijyb

Skill      XL: |  1  2  3  4 |
---------------+-------------+-----
Dodging        | 3 |  3.5
Fighting       | 3 |  3.4
Axes           | 4 |  4.1
Throwing       | |  2.0
Stealth        | |  0.3

Action                   |  1- 3 |  4- 6 || total
-------------------------+-------+-------++-------
Melee: War axe           |    78 |    50 ||   128
       Punch             |     1 |       ||     1
Throw: Throwing net      |       |     1 ||     1
  Use: Scroll            |     4 |       ||     4
 Stab: Sleeping          |     1 |       ||     1
Armor: Robe              |    23 |    12 ||    35
Dodge: Dodged            |    47 |    54 ||   101

Table legend: (Time is in decaauts)
 A = Elapsed time spent in this place.
 B = Non-inter-level travel time spent in this place.
 C = Inter-level travel time spent in this place.
 D = Time resting spent in this place.
 E = Time spent auto-exploring this place.
 F = Levels seen in this place.
 G = Mean time per level.
                   A        B        C        D        E       F      G
               +--------+--------+--------+--------+--------+-----+--------+
         Total |   2625 |   2625 |      0 |    709 |      0 |   3 |  875.0 |
       Dungeon |   2625 |   2625 |      0 |    709 |      0 |   3 |  875.0 |
               +--------+--------+--------+--------+--------+-----+--------+

Top non-repeatable levels by time:
     D:2: 1504 daAuts
     D:1: 878 daAuts
     D:3: 243 daAuts
